 Dungeon Sprint DCSS version 0.17-a0-1914-gde4187c (webtiles) character file.

468 kosy22 the Skirmisher (level 6, 0/71 HPs)
             Began as a Troll Fighter on Sept 26, 2015.
             Was an Initiate of Nemelex Xobeh.
             Slain by Sonja
             ... wielding a +0 dagger of distortion
              (1 damage)
             ... in the Dungeon (Sprint I: "Red Sonja").
             The game lasted 00:02:11 (245 turns).

kosy22 the Skirmisher (Troll Fighter)                Turns: 245, Time: 00:02:11

Health: 0/71       AC:  5    Str: 32    XL:     6   Next: 81%
Magic:  5/5        EV: 11    Int:  4    God:    Nemelex Xobeh [......]
Gold:   173        SH: 11    Dex:  9    Spells: 0 memorised, 5 levels left

rFire  . . .     SeeInvis .       - Unarmed
rCold  . . .     Clarity  .     a - +0 robe
rNeg   . . .     SustAt   .     b - +0 shield
rPois  .         Gourm    +     (helmet restricted)
rElec  .         Spirit   .     (no cloak)
rCorr  .         Warding  .     (gloves unavailable)
rMut   .         NoTele   +     (boots unavailable)
MR     .....                    (no amulet)
Stlth  +.........               (no ring)
                                i - ring of wizardry

@: mighty, slowed, very slow, not resistant to hostile enchantments, very
unstealthy
A: unfitting armour, claws 3, fast metabolism 3, gourmand, regeneration 2,
shaggy fur 1, tough skin 2
a: Renounce Religion


You were in the Dungeon.
You worshipped Nemelex Xobeh.
Nemelex Xobeh was noncommittal.
You were not hungry.

You visited 1 branch You collected 173 gold pieces.

Inventory:

Hand weapons
 f - a +0 scythe
Armour
 a - a +0 robe (worn)
 b - a +0 shield (worn)
Jewellery
 i - a ring of wizardry (left claw)
Scrolls
 j - a scroll of blinking
Potions
 e - a potion of curing
 g - a potion of haste
 h - 2 potions of magic
Comestibles
 d - 2 bread rations


   Skills:
 + Level 7.2 Fighting
 + Level 7.1 Dodging
 + Level 6.9 Shields
 + Level 5.5 Unarmed Combat


You had 5 spell levels left.
You didn't know any spells.

Dungeon Overview and Level Annotations

Branches:
Dungeon (1/1)

Altars:
Elyvilon
Gozag
Kikubaaqudgha
Makhleb
Nemelex Xobeh
Okawaru
Qazlal
Ru
Sif Muna
Trog
Vehumet
Xom
Yredelemnul
Zin
The Shining One

Shops:
D (

Annotations:
D Sonja


Innate Abilities, Weirdness & Mutations

You are too large for most types of armour.
You have claws for hands.
Your metabolism is lightning-fast.
You like to eat raw meat.
You heal very quickly.
You are covered in fur (AC +1).
You have very tough skin (AC +2).


Message History

Drink which item? (? for menu, Esc to quit)
You feel very mighty all of a sudden. Sonja hits you but does no damage.
Space bends around you.
* * * LOW HITPOINT WARNING * * *
You block Sonja's attack. Sonja hits you but does no damage.
You feel a strange sense of stasis.
Sonja hits you with an uncursed dagger of distortion.
* * * LOW HITPOINT WARNING * * *
Space bends around you.
* * * LOW HITPOINT WARNING * * *
You block Sonja's attack. Sonja hits you but does no damage.
Space warps horribly around you!
* * * LOW HITPOINT WARNING * * *
You miss Sonja.
Sonja is heavily wounded.
You block Sonja's attack. x2
Sonja hits you but does no damage.
Sonja hits you with an uncursed dagger of distortion.
You die...
Your body disappears without a glow.

################
#<.#..').#.['..#
#..'..#..'..#..+
#..#####'#####'#
#..####..# #.#
#..#__#### ##[#
#..#_..__##+#(.+
#⌠⌠#_.∩...†..K_#
####_..._##_@#'#
#_____###'#.#
####### #.###
$.$ $.$ ##.##
#+#


You could see Sonja.

Vanquished Creatures
  A yak (D)
  Sigmund (D)
  An ogre (D)
  Ijyb (D)
  A jelly (D)
5 creatures vanquished.

Vanquished Creatures (others)
  A wasp (D)
1 creature vanquished.

Grand Total: 6 creatures vanquished

Notes
Turn   | Place    | Note
--------------------------------------------------------------
     0 | D        | kosy22 the Troll Fighter began the quest for the Orb.
     0 | D        | Reached XP level 1. HP: 22/22 MP: 0/0
     4 | D        | Noticed Ijyb
    16 | D        | Killed Ijyb
    16 | D        | Reached skill level 3 in Fighting
    16 | D        | Reached XP level 2. HP: 25/31 MP: 1/1
    40 | D        | Noticed an ogre
    41 | D        | HP: 1/31 [ogre/giant club (30)]
    48 | D        | Killed an ogre
    48 | D        | Reached skill level 4 in Fighting
    48 | D        | Reached XP level 3. HP: 32/41 MP: 2/2
    48 | D        | Reached XP level 4. HP: 38/49 MP: 3/3
    93 | D        | Noticed Sigmund
   101 | D        | Killed Sigmund
   101 | D        | Reached skill level 6 in Fighting
   101 | D        | Reached XP level 5. HP: 39/61 MP: 4/4
   101 | D        | Reached XP level 6. HP: 43/68 MP: 5/5
   155 | D        | Found a deep blue altar of Sif Muna.
   156 | D        | Noticed a jelly
   157 | D        | Found a radiant altar of Vehumet.
   161 | D        | Killed a jelly
   165 | D        | Killed a wasp
   166 | D        | Found Zaul Ceo's Weapon Emporium.
   166 | D        | Found a white marble altar of Elyvilon.
   166 | D        | Found a stormy altar of Qazlal.
   166 | D        | Found a burning altar of Makhleb.
   166 | D        | Found a sacrificial altar of Ru.
   166 | D        | Found a basalt altar of Yredelemnul.
   166 | D        | Found a glowing golden altar of the Shining One.
   166 | D        | Found a sparkling altar of Nemelex Xobeh.
   166 | D        | Found a shimmering altar of Xom.
   166 | D        | Found an opulent altar of Gozag.
   166 | D        | Found an ancient bone altar of Kikubaaqudgha.
   166 | D        | Found a glowing silver altar of Zin.
   166 | D        | Noticed a yak
   175 | D        | Killed a yak
   175 | D        | Reached skill level 7 in Fighting
   175 | D        | Reached skill level 5 in Unarmed Combat
   176 | D        | Found an iron altar of Okawaru.
   177 | D        | Found a bloodstained altar of Trog.
   191 | D        | Became a worshipper of Nemelex Xobeh the Trickster
   231 | D        | Noticed Sonja
   244 | D        | HP: 1/71 [Sonja/uncursed dagger of distortion (6)]
   245 | D        | Slain by Sonja

Vault maps used:
D:        dungeon_sprint_1

Action                   |  1- 3 |  4- 6 || total
-------------------------+-------+-------++-------
Melee: Unarmed           |    16 |    24 ||    40
  Use: Potion            |     2 |     2 ||     4
  Eat: Chunk             |     3 |       ||     3
